 Dungeon Crawl Stone Soup version 0.18-a0-946-g3ac5b32 (webtiles) character file.

49 Gnarlagapoticus the Conjurer (level 3, -4/21 HPs)
             Began as a High Elf Conjurer on Dec 30, 2015.
             Slain by Venomancer777's ghost (6 damage)
             ... on level 3 of the Dungeon.
             The game lasted 00:08:54 (1941 turns).

Gnarlagapoticus the Conjurer (High Elf Conjurer)    Turns: 1941, Time: 00:08:54

Health: -4/21      AC:  3    Str:  7    XL:     3   Next: 51%
Magic:  5/8        EV:  9    Int: 20    God:
Gold:   114        SH:  6    Dex: 15    Spells: 2 memorised, 5 levels left

rFire  . . .     SeeInvis .     r - +0 dagger (freeze)
rCold  . . .     Gourm    .     a - +0 robe
rNeg   . . .     Faith    .     i - +0 shield (curse)
rPois  .         Spirit   .     (no helmet)
rElec  .         Dismiss  .     (no cloak)
rCorr  .         Reflect  .     (no gloves)
SustAt .         Harm     .     j - +0 pair of boots
MR     .....                    (no amulet)
Stlth  ++........               (no ring)
                                (no ring)

@: very slightly contaminated, not resistant to hostile enchantments, unstealthy
A: no striking features
a: no special abilities


You were on level 3 of the Dungeon.
You were not hungry.

You visited 1 branch of the dungeon, and saw 3 of its levels.

You collected 114 gold pieces.

Inventory:

Hand Weapons
 m - a +0 dagger
 r - a +0 dagger of freezing (weapon)
Missiles
 g - 17 bolts
Armour
 a - a +0 robe (worn)
 i - a cursed +0 shield (worn)
 j - a +0 pair of boots (worn)
Scrolls
 d - a scroll of fear
 e - a scroll of random uselessness {unknown}
 h - 3 scrolls of identify
 k - a scroll of fog {unknown}
 n - a scroll of amnesia {unknown}
 q - 3 scrolls of magic mapping
Potions
 f - 2 potions of heal wounds {unknown}
 l - a potion of ambrosia {unknown}
 p - a potion of haste {unknown}
 s - a potion of curing {unknown}
 t - a potion of degeneration {unknown}
Books
 b - a book of Conjurations

   Spells                             Type                      Level
   a - Magic Dart                     Conjuration                  1
   b - Searing Ray                    Conjuration                  2
   c - Dazzling Spray                 Conjuration/Hexes            3
   d - Fulminant Prism                Conjuration/Hexes            4
   e - Iskenderun's Mystic Blast      Conjuration                  4
   f - Iskenderun's Battlesphere      Conjuration/Charms           5
Comestibles
 c - 4 bread rations
 o - a meat ration
 v - a beef jerky


   Skills:
 - Level 2.1 Dodging
 - Level 2.1 Stealth
 + Level 3.3 Spellcasting
 * Level 5.3 Conjurations


You had 5 spell levels left.
You knew the following spells:

 Your Spells              Type           Power        Failure   Level  Hunger
a - Magic Dart            Conj           ###.         12%         1    None
b - Searing Ray           Conj           ###...       17%         2    ##.....


Dungeon Overview and Level Annotations

Branches:
Dungeon (3/15)

Altars:
Pakellas

Annotations:
D:3 Venomancer777's ghost, amateur DsBe


Message History

Venomancer777's ghost hits you.
Venomancer777's ghost says, "You must not fail where I succeeded!"
Venomancer777's ghost closely misses you.
Venomancer777's ghost yells, "Who would have thought, even in death it is a pleasure to sever!"
A goblin comes into view. It is wielding a dagger.
Venomancer777's ghost hits you!
* * * LOW HITPOINT WARNING * * *
Venomancer777's ghost laughs, "And you think you're capable of finding the ORB?
I had it, you know.
Then I gave it away so I could steal it AGAIN."
You see here an embroidered robe.
Casting: Searing Ray
Confirm with . or Enter, or press ? or * to list all spells.
Aiming: Searing Ray
Press: ? - help, Shift-Dir - straight line, f/p - Venomancer777's ghost
Aim: Venomancer777's ghost (severely damaged)
You miscast Searing Ray.
You are very lightly contaminated with residual magic.
Nothing appears to happen.
You block Venomancer777's ghost's attack.
Venomancer777's ghost hits you.
You die...

##.##########.#
#######...#########.#
........#...........#
#######....##########
####.# ########.#####
#............#
#.######.###.#####
###.######..g...@W.#
...........#######.#
.........#.....# #.#
.##......#.....# #.##
.##.####....)..# #..#
.##.# #.#.....# #..##
.##.####.#.....###...#
.##.#......#####.....#
.##.#.####...........#


You could see Venomancer777's ghost and a goblin.

Vanquished Creatures
  6 giant cockroaches
  4 hobgoblins
  4 jackals (D:3)
  A ball python (D:2)
  4 bats
  3 giant newts
  11 goblins
  8 kobolds
  7 rats
48 creatures vanquished.

Notes
Turn   | Place    | Note
--------------------------------------------------------------
     0 | D:1      | Gnarlagapoticus the High Elf Conjurer began the quest for the Orb.
     0 | D:1      | Reached XP level 1. HP: 11/11 MP: 4/4
   356 | D:1      | Reached XP level 2. HP: 17/17 MP: 5/7
   937 | D:2      | Reached skill level 5 in Conjurations
  1050 | D:2      | Found an oddly glowing altar of Pakellas.
  1196 | D:2      | Reached XP level 3. HP: 19/21 MP: 8/8
  1239 | D:2      | Learned a level 2 spell: Searing Ray
  1853 | D:3      | Noticed Venomancer777's ghost (amateur DsBe)
  1938 | D:3      | HP: 1/21 [Venomancer777's ghost (10)]
  1941 | D:3      | Slain by Venomancer777's ghost

Vault maps used:
D:1:      dpeg_arrival_houses_and_road, minmay_misc_feat_cross, st_stairs_4,
          hex_large
D:2:      grunt_pakellas_mercury

Action                   || total
-------------------------++-------
Melee: Unarmed           ||     1
       Dagger            ||    31
 Cast: Magic Dart        ||    60
       Searing Ray       ||     3
  Use: Scroll            ||     2
 Stab: Sleeping          ||     1
  Eat: Chunk             ||     3
